 Dungeon Crawl Stone Soup version 0.31.0-7-gf635a9b802 (webtiles) character file.

Game seed: 3229196533851543482

386 solopath the Ruffian (level 6, 0/59 HPs)
             Began as a Troll Fighter on Jan 24, 2024.
             Killed from afar by an orc wizard (5 damage)
             ... with a puff of flame
             ... on level 3 of the Dungeon.
             The game lasted 00:03:47 (1627 turns).

solopath the Ruffian (Troll Fighter)                Turns: 1627, Time: 00:03:48

Health: 0/59       AC:  4    Str: 25    XL:     6   Next: 48%
Magic:  5/5        EV:  9    Int:  4    God:
Gold:   115        SH:  8    Dex: 11    Spells: 5/5 levels left

rFire   . .          .
                       - Unarmed
rCold   . . .        b - +0 kite shield
rNeg    . . .        a - +0 robe
rPois   .            (helmet currently unavailable)
rElec   .            (cloak currently unavailable)
rCorr   .            (gloves unavailable)
SInv    .            (boots unavailable)
Will    .....        (no amulet)
Stlth   +            (no ring)
HPRegen 1.09/turn    (no ring)
MPRegen 0.09/turn

%: no passive effects
@: mighty, beast-form, hasted, very quick
A: beast (slay +1), large, unfitting armour, claws 3, regeneration 1, shaggy fur
1, tough skin 1
a: Begin Untransformation


You were on level 3 of the Dungeon.
You were a hulking beast.
You visited 1 branch of the dungeon, and saw 3 of its levels.

You collected 115 gold pieces.

Inventory:

Armour
 a - a +0 robe (worn)
 b - a +0 kite shield (worn)
Talismans
 l - a beast talisman (active)
Wands
 f - a wand of paralysis (4)
 g - a wand of flame (15)
Scrolls
 d - 2 scrolls of teleportation {unknown}
 e - 7 scrolls of identify {unknown}
 i - a scroll of fear {unknown}
 k - a scroll of fog {unknown}
 m - a scroll of enchant weapon {unknown}
Potions
 h - a potion of haste
 j - a potion of brilliance {unknown}


   Skills:
 - Level 2.4 Fighting
 - Level 2.4 Dodging
 + Level 4.2 Shields
 * Level 5.3 Unarmed Combat
 + Level 2.1 Shapeshifting


You had 5 spell levels left.
You didn't know any spells.
Your spell library contained the following spells:

 Spells                   Type           Power      Damage    Failure   Level
 Ensorcelled Hibernation  Hex/Ice        0%         N/A       87%         2
 Passwall                 Erth           0%         N/A       98%         3
 Swiftness                Air            0%         N/A       98%         3


Dungeon Overview and Level Annotations

Branches:
Dungeon (3/15)

Altars:

Shops:
D:1 *

Annotations:
D:3 1 runed translucent door, Crazy Yiuf


Innate Abilities, Weirdness & Mutations

You are a hulking beast.
Your limbs bulge with bestial killing power. (Slay +1)
You are too large for most types of armour.
You have claws for hands.
Your natural rate of healing is unusually fast.
You are covered in fur. (AC +1)
You have tough skin. (AC +1)


Message History

You bump into the rock wall.
Something hits you.
* * * LOW HITPOINT WARNING * * *
You bump into the rock wall.
Something hits you.
* * * LOW HITPOINT WARNING * * *
The orc priest casts a cantrip, but nothing happens.
The dart slug launches a dart at you.
The slug dart hits something.
You bump into the rock wall.
Something hits you.
* * * LOW HITPOINT WARNING * * *
The dart slug launches a dart at you.
The slug dart hits something but does no damage.
You closely miss something.
You feel less confused. Something hits you.
* * * LOW HITPOINT WARNING * * *
You claw something! Something hits you.
* * * LOW HITPOINT WARNING * * *
Unknown command.
You barely miss something. Something hits you but does no damage.
The frilled lizard hisses.
The dart slug launches a dart at you.
The slug dart hits something.
Unknown command.
You miss something.
You hear some strange, mumbled words.
A magic dart appears from out of thin air!
The magic dart hits you!
* * * LOW HITPOINT WARNING * * *
The frilled lizard hisses.
Unknown command.
It was a potion of haste.
You feel yourself speed up. Something hits you.
* * * LOW HITPOINT WARNING * * *
Unknown command.
A puff of flame appears from out of thin air!
The puff of flame hits you.
* * * LOW HITPOINT WARNING * * *
The orc priest begins to cast a cantrip, but forgets the words!
A puff of flame appears from out of thin air!
The puff of flame hits you.
You die...

#### ##.........####.### #....
#..##########..### #.# ##._..
##......####...#### #.# ##.....
######...÷.......###.#####..####
######.##.#......##...##
###.##.#####...#.#######
#...##.#................ ###
##.####...###.########### [.#
#.......h.###.######## # #.####
##..######..........o.# #
#....###...#########..######.####
.......)............÷{..l.lw.†...
##...#.#############.#######....#
...#...# #.# ####.. #####>.# ...
### # #...# ..... #.. #..##
....... #...


There were no monsters in sight!

Vanquished Creatures
  Sigmund (D:3)
  An orc warrior (D:3)
  An orc wizard (D:3)
  Terence (D:2)
  4 adders
  A dart slug (D:2)
  An orc (D:3)
  5 endoplasms (D:1)
  3 giant cockroaches
  7 goblins
  4 hobgoblins
  A kobold (D:2)
  4 quokkas
  5 ball pythons
  7 bats
  2 frilled lizards
48 creatures vanquished.

Notes
Turn   | Place    | Note
-------+----------+-------------------------------------------
     0 | D:1      | solopath the Troll Fighter began the quest for the Orb.
     0 | D:1      | Reached XP level 1. HP: 22/22 MP: 0/0
   245 | D:1      | Reached XP level 2. HP: 29/29 MP: 1/1
   257 | D:1      | Found Izin's General Store.
   811 | D:2      | Reached skill level 3 in Unarmed Combat
   833 | D:2      | Reached XP level 3. HP: 36/36 MP: 2/2
   976 | D:2      | Noticed Terence
   981 | D:2      | Killed Terence
   982 | D:2      | Reached XP level 4. HP: 44/44 MP: 3/3
  1289 | D:3      | Found a faded altar of an unknown god.
  1312 | D:3      | Noticed Sigmund
  1397 | D:3      | Killed Sigmund
  1398 | D:3      | Reached skill level 4 in Unarmed Combat
  1398 | D:3      | Reached skill level 1 in Shapeshifting
  1398 | D:3      | Reached XP level 5. HP: 46/50 MP: 4/4
  1470 | D:3      | Identified the +4 hammer of Dithmenos's Reproof {flame, rN+
                  | MP+9}
  1472 | D:3      | Found a runed translucent door.
  1473 | D:3      | Noticed Crazy Yiuf
  1475 | D:3      | Identified the +9 hammer of Spite {freeze, ^Fragile rPois
                  | Dex+5}
  1560 | D:3      | Reached XP level 6. HP: 49/59 MP: 5/5
  1588 | D:3      | Noticed an orc warrior
  1592 | D:3      | Reached skill level 5 in Unarmed Combat
  1608 | D:3      | Killed an orc warrior
  1617 | D:3      | HP: 2/59 [something/magic dart (8)]
  1622 | D:3      | HP: 1/59 [something/puff of flame (3)]
  1627 | D:3      | Killed from afar by an orc wizard

Illustrated notes

Levels and vault maps discovered:
D:1:      lemuel_arrival_cross, layout_basic, serial_shops,
          nicolae_shop_tiny_glass
D:2:      layout_rooms, uniq_terence
D:3:      layout_rooms, basic_ecumenical_altar, uniq_sigmund,
          uniq_crazy_yiuf_cottage

Skill      XL: |  1  2  3  4  5  6 |
---------------+-------------------+-----
Shields        | 3 4 |  4.2
Unarmed Combat | 3 4 5 |  5.3
Shapeshifting  | 1 2 |  2.1
Fighting       | |  2.4
Dodging        | |  2.4

Action                     |  1- 3 |  4- 6 || total
---------------------------+-------+-------++-------
  Melee: Unarmed           |    62 |    84 ||   146
Ability: Begin Untransform |       |     1 ||     1
    Use: Potion            |       |     3 ||     3
 Armour: Robe              |    26 |    55 ||    81
  Dodge: Dodged            |    23 |    19 ||    42
  Block: Kite shield       |    21 |    28 ||    49
   Form: Beast             |       |     2 ||     2
